 Dungeon Crawl Stone Soup version 0.29-a0-477-g62b78b4225 (webtiles) character file.

Game seed: 13206930330616755331

336 Infinimo the Cudgeller (level 6, -5/65 HPs)
             Began as an Ogre Gladiator on May 25, 2022.
             Killed from afar by Natasha (9 damage)
             ... with a magic dart
             ... on level 3 of the Dungeon.
             The game lasted 00:04:16 (3407 turns).

Infinimo the Cudgeller (Ogre Gladiator)             Turns: 3407, Time: 00:04:17

Health: -5/65      AC:  3    Str: 19    XL:     6   Next: 54%
Magic:  6/6        EV: 10    Int: 11    God:
Gold:   107        SH:  0    Dex:  8    Spells: 5/5 levels left

rFire   + . .      SeeInvis .   a - +0 flail
rCold   + . .      Faith    .   (no shield)
rNeg    . . .      Spirit   .   b - +0 robe
rPois   +          Reflect  .   c - +0 hat
rElec   +          Harm     .   (no cloak)
rCorr   +          Rampage  .   (gloves unavailable)
Will    .....      Rage     1%  (boots unavailable)
Stlth   +.........              (no amulet)
HPRegen 0.20/turn               (no ring)
MPRegen 0.10/turn               (no ring)

@: resistant, attractive, invisible
A: large, unfitting armour, tough skin 1, berserk 1, clumsy 1
a: no special abilities


You were on level 3 of the Dungeon.
You visited 1 branch of the dungeon, and saw 4 of its levels.

You collected 107 gold pieces.

Inventory:

Hand Weapons
 a - a +0 flail (weapon)
Missiles
 d - 4 throwing nets (quivered)
 e - a large rock
Armour
 b - a +0 robe (worn)
 c - a +0 hat (worn)
Jewellery
 k - a +4 ring of slaying
 p - a +4 ring of evasion
Scrolls
 j - 6 scrolls of vulnerability
Potions
 l - 2 potions of haste


   Skills:
 + Level 4.9 Fighting
 * Level 5.0 Maces & Flails
 - Level 2.0 Throwing
 + Level 3.9 Dodging


You had 5 spell levels left.
You didn't know any spells.
Your spell library was empty.

Dungeon Overview and Level Annotations

Branches:
Dungeon (4/15)             Temple (0/1) D:4

Altars:

Annotations:
D:3 Natasha


Innate Abilities, Weirdness & Mutations

You are too large for most types of armour.
You have tough skin. (AC +1)
You tend to lose your temper in combat.
You are clumsy. (Dex -2)


Message History

You feel protected. The hound bites you.
* * * LOW HITPOINT WARNING * * *
It was a potion of attraction.
You feel attractive to monsters. Natasha is attracted toward you.
It was a potion of invisibility.
You fade into invisibility!
Your extra speed is starting to run out.
You feel better.
Unknown command.
Okay, then.
You sock the hound!
The hound is heavily wounded.
The hound is heavily wounded.
The hound bites you.
* * * LOW HITPOINT WARNING * * *
The hound is heavily wounded.
The hound is heavily wounded.
You feel yourself slow down. The hound bites you.
* * * LOW HITPOINT WARNING * * *
The hound is heavily wounded.
The hound bites you.
* * * LOW HITPOINT WARNING * * *
The hound is heavily wounded.
The hound bites you.
* * * LOW HITPOINT WARNING * * *
Natasha hisses.
You sock the hound!
You kill the hound!
Natasha stares at you and mumbles some strange words.
The magic dart hits you!
* * * LOW HITPOINT WARNING * * *
Natasha is attracted toward you.
Your Maces & Flails skill increases to level 5!
You hit Natasha but do no damage.
Natasha stares at you and mumbles some strange words.
The magic dart hits you!
You die...

#####.#...# #...#.#...#
######## #.#.#.#...#
#....... #.#.#.#...#
#....... #.#.#.#...#
#....... #.#...#...#
#....... #.#########
#.......
#.#...############[......
#.#.#.#.@h§......#.......
#.#.#.##########.#.......
#.#.#.# #.#.......
#...#.# #.#.......
#####.# #.#.......
#...#.# #.#.......
#.#.#.# #h#.......
#.#.#.##########.########
#.#.#.#..............h...


You could see Natasha.

Vanquished Creatures
  Grinder (D:3)
  A hound (D:3)
  5 adders
  A worm (D:2)
  9 ball pythons
  5 endoplasms
  4 giant cockroaches
  3 goblins
  8 hobgoblins
  4 jackals
  5 quokkas
  10 bats
  4 frilled lizards
  3 kobolds
  11 rats
74 creatures vanquished.

Vanquished Creatures (others)
  4 demonic plants (D:3)
  5 fungi (D:3)
  A plant (D:3)
  A withered plant (D:3)
11 creatures vanquished.

Grand Total: 85 creatures vanquished

Notes
Turn   | Place    | Note
-------+----------+-------------------------------------------
     0 | D:1      | Infinimo the Ogre Gladiator began the quest for the Orb.
     0 | D:1      | Reached XP level 1. HP: 22/22 MP: 1/1
   295 | D:1      | Reached XP level 2. HP: 13/29 MP: 2/2
   297 | D:1      | Reached skill level 3 in Maces & Flails
   923 | D:1      | Reached XP level 3. HP: 35/37 MP: 3/3
  1645 | D:2      | Reached XP level 4. HP: 45/46 MP: 4/4
  1671 | D:2      | You fall into a shaft and drop 1 floor!
  2223 | D:3      | Found a faded altar of an unknown god.
  2239 | D:3      | Noticed Grinder
  2402 | D:3      | Paralysed by Grinder for 3 turns
  2411 | D:3      | Paralysed by Grinder for 2 turns
  2416 | D:3      | Killed Grinder
  2417 | D:3      | Reached skill level 4 in Maces & Flails
  2417 | D:3      | Reached XP level 5. HP: 55/55 MP: 5/5
  2417 | D:3      | Reached XP level 6. HP: 65/65 MP: 6/6
  3338 | D:4      | Found a staircase to the Ecumenical Temple.
  3340 | D:4      | Noticed Natasha
  3389 | D:3      | Gained mutation: You are clumsy. (Dex -2) [potion of
                  | mutation]
  3389 | D:3      | Gained mutation: You tend to lose your temper in combat.
                  | [potion of mutation]
  3406 | D:3      | HP: 3/65 [Natasha/magic dart (8)]
  3407 | D:3      | Reached skill level 5 in Maces & Flails
  3407 | D:3      | Killed from afar by Natasha

Illustrated notes

Levels and vault maps discovered:
D:1:      minmay_arrival_doors, layout_rooms, st_stairs_9
D:2:      layout_basic
D:3:      layout_basic, shapermc_ecumenical_altar_gd, minmay_misc_feat_roman,
          roderic_serpentine_path, uniq_grinder
D:4:      layout_basic, minmay_temple_entry_crystal_x, enter_ossuary_5,
          gammafunk_ghost_arena, uniq_blork_the_orc, uniq_ijyb, uniq_natasha

Skill      XL: |  1  2  3  4  5  6 |
---------------+-------------------+-----
Maces & Flails | 3 4 5 |  5.0
Fighting       | 3 4 |  4.9
Dodging        | 3 |  3.9
Throwing       | |  2.0

Action                   |  1- 3 |  4- 6 || total
-------------------------+-------+-------++-------
Melee: Flail             |   139 |   132 ||   271
  Use: Scroll            |       |     6 ||     6
       Potion            |       |     9 ||     9
Armor: Robe              |    60 |    39 ||    99
       Skin              |       |     2 ||     2
Dodge: Dodged            |   104 |   115 ||   219

Table legend: (Time is in decaauts)
 A = Elapsed time spent in this place.
 B = Non-inter-level travel time spent in this place.
 C = Inter-level travel time spent in this place.
 D = Time resting spent in this place.
 E = Time spent auto-exploring this place.
 F = Levels seen in this place.
 G = Mean time per level.
                   A        B        C        D        E       F      G
               +--------+--------+--------+--------+--------+-----+--------+
         Total |   3465 |   3418 |     47 |    223 |   2544 |   4 |  866.2 |
       Dungeon |   3465 |   3418 |     47 |    223 |   2544 |   4 |  866.2 |
               +--------+--------+--------+--------+--------+-----+--------+

Top non-repeatable levels by time:
     D:3: 1243 daAuts
     D:1: 1206 daAuts
     D:2: 1002 daAuts
     D:4: 13 daAuts
